 Dungeon Crawl Stone Soup version 0.19-a0-1193-g2641e52 (webtiles) character file.

38441 4thArraOfDagon the Severer (level 13, -5/126 HPs)
             Began as a Deep Dwarf Berserker on Aug 19, 2016.
             Was an Elder of Trog.
             Slain by a snapping turtle (18 damage)
             ... on level 4 of the Shoals.
             The game lasted 00:34:04 (5790 turns).

4thArraOfDagon the Severer (Deep Dwarf Berserker)   Turns: 5790, Time: 00:34:04

Health: -5/126     AC: 21    Str: 30    XL:     13   Next: 63%
Magic:  18/18      EV:  9    Int:  8    God:    Trog [****..]
Gold:   528        SH:  8    Dex: 12    Spells: 0 memorised, 12 levels left

rFire  + . .     SeeInvis .     I - +1 war axe (freeze)
rCold  . . .     Gourm    .     L - +0 plate armour
rNeg   . . .     Faith    .     (no shield)
rPois  .         Spirit   .     k - +1 helmet
rElec  .         Dismiss  .     (no cloak)
rCorr  .         Reflect  +     m - +0 pair of gloves
MR     +++..     Harm     .     (no boots)
Stlth  ..........               b - brooch of Shielding {Reflect SH+8}
                                P - ring of loudness (curse)
                                r - +4 ring of strength

@: lethally poisoned (-5 -> -36), exhausted, starving, non-regenerating, slowed,
very slow
A: damage resistance, recharge devices, hooves 1, yellow scales 1, deterioration
1, fire resistance 1, sense surroundings 2, slow regeneration 3, subdued magic 1
a: Device Recharging, Berserk, Trog's Hand, Brothers in Arms, Burn Spellbooks,
Renounce Religion


You were on level 4 of the Shoals.
You worshipped Trog.
Trog was greatly pleased with you.
You were starving.

You visited 4 branches of the dungeon, and saw 27 of its levels.

You collected 1362 gold pieces.
You spent 834 gold pieces at shops.

Inventory:

Hand Weapons
 a - a +0 hand axe
 D - a +0 battleaxe of protection
 I - a +1 war axe of freezing (weapon)
Missiles
 W - 4 throwing nets (quivered)
Armour
 k - a +1 helmet (worn)
 l - a +0 scale mail
 m - a +0 pair of gloves (worn)
 C - a +0 chain mail
 G - a -2 chain mail
 L - a +0 plate armour (worn)
 M - a +0 ring mail of fire resistance
 Y - the +5 ring mail of Jaxafapo {Dex+5}
   (You found it on level 4 of the Lair of Beasts)

   It affects your dexterity (+5).
Jewellery
 b - the brooch of Shielding (around neck) {Reflect SH+8}
   (You found it on level 9 of the Dungeon)

   [amulet of reflection]

   It shields you and reflects attacks.
   It affects your SH (+8).
 j - an uncursed amulet of regeneration
 r - a +4 ring of strength (left hand)
 x - an uncursed ring of resist corrosion
 y - an uncursed ring of fire
 P - a cursed ring of loudness (right hand)
Wands
 c - a wand of heal wounds (6/9)
 d - a wand of digging (5/24)
 e - a wand of flame (27/48)
 f - a wand of random effects (33/48)
 n - a wand of acid (6/15)
 p - a wand of confusion (0/48)
 v - a wand of polymorph (0/24)
 J - a wand of slowing (15/48)
 N - a wand of teleportation (6/9)
Scrolls
 h - 8 scrolls of remove curse
 o - 3 scrolls of noise
 Q - a scroll of enchant weapon
 R - a scroll of amnesia
 S - 2 scrolls of immolation {unknown}
 T - a scroll of silence {unknown}
 V - a scroll of fog
Potions
 g - a potion of brilliance
 i - 3 potions of heal wounds
 q - a potion of lignification
 u - 2 potions of might
 z - 2 potions of flight
 B - 2 potions of haste
 E - 2 potions of cure mutation
 F - 2 potions of resistance
 H - 2 potions of curing
 X - a potion of invisibility
 Z - a potion of agility
Books
 A - a book of Air

   Spells                             Type                      Level
   a - Shock                          Conjuration/Air              1
   b - Swiftness                      Charms/Air                   2
   c - Repel Missiles                 Charms/Air                   2
   d - Static Discharge               Conjuration/Air              3
   e - Lightning Bolt                 Conjuration/Air              5
   Trog disapproves of the use of such an item.
 O - a book of the Tempests

   Spells                             Type                      Level
   a - Static Discharge               Conjuration/Air              3
   b - Lightning Bolt                 Conjuration/Air              5
   c - Fireball                       Conjuration/Fire             5
   d - Tornado                        Air                          9
   e - Shatter                        Earth                        9
   Trog disapproves of the use of such an item.
 U - a book of Death

   Spells                             Type                      Level
   a - Corpse Rot                     Necromancy                   2
   b - Sublimation of Blood           Necromancy                   2
   c - Agony                          Necromancy                   5
   d - Dispel Undead                  Necromancy                   5
   e - Excruciating Wounds            Charms/Necromancy            5
   f - Bolt of Draining               Conjuration/Necromancy       5
   Trog disapproves of the use of such an item.
Comestibles
 s - 2 bread rations
 t - 2 chunks of flesh
 w - 4 slices of pizza
 K - 2 meat rations


   Skills:
 + Level 10.8 Fighting
 * Level 16.7 Axes
 + Level 12.2 Armour
 - Level 2.1 Dodging
 - Level 10.1 Evocations


You had 12 spell levels left.
You didn't know any spells.

Dungeon Overview and Level Annotations

Branches:
Dungeon (15/15)              Lair (6/6) D:9          Shoals (4/4) Lair:4
 Spider (0/4) Lair:4        Slime (0/5) Lair:5          Orc (2/2) D:10
    Elf (0/3) Orc:2
 Temple: D:4-7       Vaults: D:13-14     Depths: D:15

Altars:
Ashenzari
Hepliaklqana
Ru
Trog
Yredelemnul
Jiyva

Shops:
D:10 (!   Orc:2 [}(*

Annotations:
Lair:4 SHOALS


Innate Abilities, Weirdness & Mutations

You are resistant to damage.
You can recharge devices by infusing magical energy.
You passively map the area around you.
You do not regenerate naturally.
You have large cloven feet.
You are partially covered in yellow scales. (AC +2)
Your body sometimes deteriorates upon taking damage.
Your flesh is heat resistant. (rF+)
Your spells are a little easier to cast, but a little less powerful.


Message History

Unknown command.
Your skin crawls.
You feel resistant to hostile enchantments.
You are starving!
* * * LOW HITPOINT WARNING * * *
You feel extremely sick.
The mana viper bites you but does no damage.
You block the mana viper's attack.
The snapping turtle bites you from afar!
* * * LOW HITPOINT WARNING * * *
Unknown command.
Unknown command.
Unknown command.
Unknown command.
* * * LOW HITPOINT WARNING * * *
You feel extremely sick. The mana viper barely misses you.
The mana viper bites you but does no damage.
The snapping turtle bites you from afar!!
You die...

* * ≈ * ≈≈ ≈ * ≈ ≈
≈≈≈.....≈≈≈≈≈≈ ≈
##≈≈.......≈≈≈≈≈ ≈ *
≈≈≈≈.......≈≈≈≈≈≈ ,
≈≈≈.........≈≈≈≈.., ,
≈
≈≈≈≈..........≈≈....,
, ≈ ≈
≈≈≈≈≈..........≈≈....
≈ ≈≈≈...<......≈≈≈...
≈ ≈
≈≈≈≈≈≈...@....≈≈≈≈...
, ≈ ≈, ,
≈≈≈≈≈.≈S.....≈≈≈...
,,
≈≈≈≈≈≈≈t.....≈≈≈... ,
.≈≈≈≈≈≈≈.....≈≈≈..≈
≈≈
.≈≈≈≈≈≈≈.....≈≈≈≈≈≈≈≈
, .≈≈≈≈≈≈≈≈....≈≈≈≈≈≈
≈ .≈≈≈≈≈≈≈≈...≈≈≈≈≈≈≈
≈ ≈ ,,
.≈≈≈≈≈≈≈≈≈≈≈≈≈≈≈≈≈≈
≈≈≈ ,
≈≈#≈###≈≈≈≈≈≈≈≈≈≈≈ ≈


You could see a snapping turtle and a mana viper.

Vanquished Creatures
  A merfolk impaler (Shoals:1)
  An ogre mage (D:15)
  A centaur warrior (D:15)
  4 orc high priests (Orc:2)
  4 orc knights (Orc:2)
  An anubis guard (Lair:5)
  2 hill giants
  Pikel (D:9)
  A wolf spider zombie (D:15)
  A deep elf mage (Orc:2)
  An ugly thing (D:15)
  A griffon (Lair:4)
  3 orc sorcerers (Orc:2)
  3 manticores
  4 fauns (Shoals:2)
  4 sirens
  A water nymph (Shoals:3)
  Psyche (D:10)
  A rime drake (Lair:4)
  4 spiny frogs
  3 komodo dragons
  3 polar bears (Lair:6)
  A tengu conjurer (D:14)
  6 merfolk
  A two-headed ogre (D:15)
  Prince Ribbit (D:5)
  A two-headed ogre (shapeshifter) (D:15)
  2 slime creatures (D:14)
  12 blink frogs
  2 water elementals
  13 spriggans (Lair:6)
  2 wyverns
  2 wraiths (D:14)
  14 yaks
  2 hungry ghosts
  3 vampire mosquitoes (D:15)
  2 hippogriffs
  A mottled dragon (D:12)
  5 wargs
  6 water moccasins
  3 porcupines
  4 slaves (D:9)
  13 orc warriors
  A sky beast (D:15)
  5 wasps (Lair:6)
  3 black bears (Lair:6)
  An ice beast (D:9)
  A boggart (Lair:6)
  24 wolves
  10 ogres
  A big kobold (D:10)
  7 crocodiles
  6 giant frogs
  A gnoll sergeant (Orc:2)
  A water moccasin skeleton (D:10)
  11 killer bees
  4 wights (D:10)
  3 crimson imps
  A jelly (D:12)
  8 orc priests
  A giant frog skeleton (D:5)
  4 iguanas
  Natasha (thrice) (D:3)
  Terence (D:2)
  11 orc wizards
  2 hell rats (Lair:2)
  11 sheep (Lair:5)
  The ghost of 4thArraOfDagon the Chopper, a weakling MiBe of Trog (D:3)
  Robin (D:2)
  6 gnolls
  3 adders
  28 river rats
  An adder zombie (D:10)
  A dart slug (D:1)
  A giant gecko (D:9)
  43 orcs
  2 bats
  A giant cockroach (D:3)
  9 goblins
  6 hobgoblins
  5 jackals
  A quokka (D:9)
  A giant gecko zombie (D:5)
  8 kobolds
  A quokka zombie (D:9)
  14 rats
  A fungus (Lair:5)
  2 plants (Lair:5)
399 creatures vanquished.

Vanquished Creatures (others)
  2 fungi (Lair:6)
  A withered plant (D:15)
3 creatures vanquished.

Grand Total: 402 creatures vanquished

Notes
Turn   | Place    | Note
-------+----------+-------------------------------------------
     0 | D:1      | 4thArraOfDagon the Deep Dwarf Berserker began the quest for the Orb.
     0 | D:1      | Reached XP level 1. HP: 20/20 MP: 1/1
    60 | D:1      | Reached XP level 2. HP: 25/27 MP: 2/2
    98 | D:2      | Noticed Robin
   171 | D:2      | Killed Robin
   171 | D:2      | Reached skill level 4 in Axes
   171 | D:2      | Reached XP level 3. HP: 28/34 MP: 3/3
   190 | D:2      | Noticed Terence
   215 | D:2      | Killed Terence
   296 | D:3      | Noticed 4thArraOfDagon's ghost (weakling MiBe)
   324 | D:3      | Noticed Natasha
   330 | D:3      | Reached ** piety under Trog
   332 | D:3      | Killed Natasha
   332 | D:3      | Reached XP level 4. HP: 31/42 MP: 4/4
   333 | D:3      | Killed 4thArraOfDagon's ghost
   341 | D:3      | Noticed Natasha
   343 | D:3      | Gained mutation: Your body sometimes deteriorates upon taking damage. [potion of mutation]
   343 | D:3      | Gained mutation: You are partially covered in yellow scales. (AC +2) [potion of mutation]
   343 | D:3      | Gained mutation: Your spells are a little easier to cast, but a little less powerful. [potion of mutation]
   349 | D:3      | Killed Natasha
   353 | D:3      | Reached skill level 5 in Axes
   353 | D:3      | Reached XP level 5. HP: 35/49 MP: 5/5
   456 | D:3      | Found a basalt altar of Yredelemnul.
   505 | D:4      | Found a hazy altar of Hepliaklqana.
   531 | D:3      | Noticed Natasha
   540 | D:3      | Killed Natasha
   641 | D:5      | Entered Level 5 of the Dungeon
   655 | D:5      | Reached XP level 6. HP: 38/57 MP: 6/6
   667 | D:5      | Noticed Prince Ribbit
   682 | D:5      | Killed Prince Ribbit
   682 | D:5      | Reached skill level 6 in Axes
   794 | D:8      | Reached XP level 7. HP: 55/66 MP: 7/7
   803 | D:8      | Reached skill level 7 in Axes
   808 | D:8      | Reached skill level 5 in Armour
   809 | D:8      | HP: 3/66 [poisoned by a killer bee]
   902 | D:9      | Noticed a hungry ghost
   913 | D:10     | Entered Level 10 of the Dungeon
   914 | D:10     | Found Xydgh's Distillery.
   920 | D:10     | Bought a potion of might for 56 gold pieces
   932 | D:10     | Reached skill level 1 in Evocations
   980 | D:10     | Noticed Psyche
   989 | D:10     | Killed Psyche
   989 | D:10     | Reached skill level 5 in Fighting
   989 | D:10     | Reached skill level 8 in Axes
   989 | D:10     | Reached XP level 8. HP: 66/74 MP: 7/9
  1189 | D:13     | Reached skill level 9 in Axes
  1207 | D:13     | Gained mutation: You passively map the area around you. [Deep Dwarf growth]
  1207 | D:13     | Reached XP level 9. HP: 52/82 MP: 12/12
  1242 | D:14     | Reached skill level 5 in Evocations
  1318 | D:14     | Reached skill level 10 in Axes
  1409 | D:14     | Noticed a tengu conjurer
  1417 | D:14     | Killed a tengu conjurer
  1418 | D:14     | Noticed a tengu warrior
  1433 | D:14     | Noticed a ghost crab
  1433 | D:14     | a tengu warrior changed into a ghost crab
  1435 | D:14     | Noticed a spectral centaur warrior
  1487 | D:14     | Noticed a seven-headed hydra
  1508 | D:15     | Entered Level 15 of the Dungeon
  1561 | D:15     | Noticed a hill giant
  1564 | D:15     | Noticed an ogre mage
  1585 | D:15     | Killed a hill giant
  1585 | D:15     | Reached XP level 10. HP: 42/92 MP: 13/15
  1585 | D:15     | Reached skill level 11 in Axes
  1587 | D:15     | Killed an ogre mage
  1604 | D:15     | Noticed a centaur warrior
  1618 | D:15     | Killed a centaur warrior
  1659 | D:15     | Found a sacrificial altar of Ru.
  1716 | D:15     | Noticed a brown ugly thing
  1722 | D:15     | Noticed an orb spider
  1752 | D:15     | Killed a brown ugly thing
  1752 | D:15     | Reached skill level 12 in Axes
  1761 | D:15     | an orb spider changed into a polar bear
  1782 | D:15     | Gained mutation: You have large cloven feet. [mutagenic meat]
  1785 | D:15     | Gained mutation: Your flesh is heat resistant. (rF+) [mutagenic meat]
  1897 | D:13     | Noticed a deep elf mage
  1970 | D:12     | Noticed a hill giant
  1981 | D:12     | Killed a hill giant
  1981 | D:12     | Reached XP level 11. HP: 62/102 MP: 17/17
  2153 | D:9      | Noticed Pikel
  2173 | D:9      | Killed Pikel
  2223 | D:9      | Found a bloodstained altar of Trog.
  2223 | D:9      | Found a shattered altar of Ashenzari.
  2248 | D:10     | Found Muock's Antique Weapon Shop.
  2313 | D:10     | Bought a glowing war axe for 94 gold pieces
  2426 | D:10     | Found a staircase to the Orcish Mines.
  2487 | Orc:1    | Entered Level 1 of the Orcish Mines
  2550 | Orc:2    | Entered Level 2 of the Orcish Mines
  2563 | Orc:2    | Reached *** piety under Trog
  2744 | Orc:2    | Found a staircase to the Elven Halls.
  2792 | Orc:2    | Noticed an orc high priest
  2833 | Orc:2    | Killed an orc high priest
  2833 | Orc:2    | Reached skill level 13 in Axes
  2866 | Orc:2    | Noticed an orc knight
  2881 | Orc:2    | Killed an orc knight
  3129 | Orc:2    | Noticed a deep elf mage
  3151 | Orc:2    | Killed a deep elf mage
  3169 | Orc:2    | Noticed an orc high priest
  3183 | Orc:2    | Killed an orc high priest
  3217 | Orc:2    | Noticed an orc high priest
  3217 | Orc:2    | Noticed an orc sorcerer
  3227 | Orc:2    | Killed an orc sorcerer
  3227 | Orc:2    | Reached skill level 10 in Evocations
  3234 | Orc:2    | Killed an orc high priest
  3234 | Orc:2    | Reached skill level 10 in Armour
  3259 | Orc:2    | Noticed an orc knight
  3280 | Orc:2    | Killed an orc knight
  3313 | Orc:2    | Noticed an orc knight
  3337 | Orc:2    | Killed an orc knight
  3368 | Orc:2    | Reached XP level 12. HP: 90/112 MP: 19/19
  3508 | Orc:2    | Noticed an orc high priest
  3531 | Orc:2    | Killed an orc high priest
  3531 | Orc:2    | Reached skill level 14 in Axes
  3605 | Orc:2    | Found Silergh's Armour Emporium.
  3605 | Orc:2    | Found Usiqo's Assorted Antiques.
  3607 | Orc:2    | Found Foiplaba's Gadget Emporium.
  3607 | Orc:2    | Found Iliqekh's Antique Weapon Shop.
  3615 | Orc:2    | Bought a wand of teleportation (3/9) for 252 gold pieces
  3618 | Orc:2    | Bought a scroll labeled RAANAU PIACAC for 30 gold pieces
  3618 | Orc:2    | Bought a runed agate ring for 150 gold pieces
  3618 | Orc:2    | Bought a fizzy silvery potion for 27 gold pieces
  3618 | Orc:2    | Bought a scroll of enchant weapon for 225 gold pieces
  3830 | D:9      | Found a staircase to the Lair.
  3890 | Lair:1   | Entered Level 1 of the Lair of Beasts
  4023 | Lair:2   | Reached **** piety under Trog
  4036 | Lair:2   | Noticed an eight-headed hydra
  4463 | Lair:5   | Found a staircase to the Slime Pits.
  4463 | Lair:5   | Found a viscous altar of Jiyva.
  4510 | Lair:5   | Reached skill level 15 in Axes
  4663 | Lair:4   | Reached skill level 10 in Fighting
  4688 | Lair:4   | Found a hole to the Spider Nest.
  4727 | Lair:6   | Entered Level 6 of the Lair of Beasts
  4895 | Lair:6   | Noticed a six-headed hydra
  4921 | Lair:6   | Reached XP level 13. HP: 123/123 MP: 20/20
  5085 | Lair:6   | Reached ***** piety under Trog
  5180 | Lair:6   | Reached skill level 16 in Axes
  5236 | Lair:5   | Received a gift from Trog
  5237 | Lair:5   | :)
  5295 | Lair:5   | Ultraviolent4: stay positive :)
  5350 | Lair:4   | AAAAA: end your life
  5375 | Lair:4   | Found a staircase to the Shoals.
  5393 | Lair:4   | Got a slimy ring mail
  5414 | Lair:4   | Identified the +5 ring mail of Jaxafapo {Dex+5} (You found it on level 4 of the Lair of Beasts)
  5445 | Shoals:1 | Entered Level 1 of the Shoals
  5453 | Shoals:1 | Noticed a merfolk impaler
  5476 | Shoals:1 | Killed a merfolk impaler
  5680 | Shoals:2 | Noticed a merfolk javelineer
  5731 | Shoals:3 | Noticed a kraken
  5770 | Shoals:3 | Noticed a merfolk impaler
  5774 | Shoals:4 | Entered Level 4 of the Shoals
  5790 | Shoals:4 | Slain by a snapping turtle

Vault maps used:
D:1:      evilmike_arrival_plus, roderic_ancient_swastika, minmay_crystal_water
D:2:      uniq_terence, uniq_jessica, uniq_robin
D:3:      marbit_many_paths, yredelemnul_forgotten_temple_becter, uniq_natasha,
          uniq_iyjb
D:4:      kennysheep_mini_moat, tgw_xom
D:5:      grunt_temple_overflow_magic_moments, first_bread, uniq_prince_ribbit1
D:6:      lemuel_doored_altar
D:7:      kennysheep_little_box, uniq_crazy_yiuf_cottage
D:8:      lemuel_round_altar, special_room, basic_altar, uniq_gastronok
D:9:      gammafunk_temple_overflow_wave, dpeg_lair_monsters, uniq_pikel
D:10:     hiddenorc1_lemuel, serial_shops, nicolae_shop_stone, shop,
          hangedman_fish_farm, uniq_psyche
D:11:     lemuel_slime
D:14:     lightli_vaults_fourway_checkpoint, roderic_three_in_a_row
D:15:     gammafunk_depths_entry_grave, nicolae_ru_awakened_eye, serial_shops,
          bzr_entry_water
Lair:1:   hangedman_lair_unloving_vines, grunt_megastairs_4
Lair:2:   kennysheep_abandoned_house, lemuel_fruit_tree, serial_bayou_shore_a
Lair:3:   grunt_megastairs_3
Lair:4:   minmay_shoals_entry_lonely_mermaid, spider_nest_entry_webs,
          special_room, grunt_forest_small_clearing_treed, grunt_megastairs_2
Lair:5:   slime_altar_1
Lair:6:   minmay_lair_end_enchanted_forest, hangedman_lair_generics_rect,
          infiniplex_staircase_pool_2
Shoals:1: argonaut_gorgonesque
Shoals:3: uniq_jorgrun, uniq_polyphemus
Shoals:4: shoals_end_grunt_ice, shoal_ilsuiw, uniq_mara, uniq_donald,
          uniq_ilsuiw
Orc:2:    grunt_orc_tribal_feast

Skill      XL: |  1  2  3  4  5  6  7  8  9 10 11 12 13 |
---------------+----------------------------------------+-----
Fighting       | 3 4 5 6 7 8 10 | 10.8
Axes           | 4 5 6 8 9 10 12 13 15 16 | 16.7
Armour         | 3 4 5 6 7 8 10 11 12 | 12.2
Evocations     | 2 4 6 8 10 | 10.1
Dodging        | |  2.1

Action                   |  1- 3 |  4- 6 |  7- 9 | 10-12 | 13-15 || total
-------------------------+-------+-------+-------+-------+-------++-------
Melee: Hand axe          |    47 |    97 |   138 |   172 |       ||   454
       Kick              |       |       |       |   210 |    79 ||   289
       War axe           |       |       |       |   481 |   239 ||   720
       Battleaxe         |       |       |       |    37 |       ||    37
Invok: Berserk           |     5 |     4 |     8 |    35 |     7 ||    59
       Trog's Hand       |       |     3 |     9 |    29 |    12 ||    53
 Abil: Device Recharging |       |       |       |       |     2 ||     2
Evoke: Wand              |       |     1 |     4 |    21 |     9 ||    35
  Use: Potion            |       |     3 |     1 |       |       ||     4
       Scroll            |       |     1 |     2 |    16 |       ||    19
 Stab: Invisible         |       |     5 |       |       |       ||     5
       Confused          |       |       |       |    11 |       ||    11
  Eat: Chunk             |     2 |     6 |     8 |    62 |    15 ||    93
       Pizza             |       |     1 |       |       |       ||     1
       Bread ration      |       |       |     2 |       |       ||     2
Armor: Animal skin       |     7 |       |       |       |       ||     7
       Scale mail        |    11 |    41 |    74 |    50 |       ||   176
       Chain mail        |       |       |       |    83 |       ||    83
       Plate armour      |       |       |       |   183 |   157 ||   340
Dodge: Dodged            |    42 |    76 |    96 |   222 |    88 ||   524
Block: Other             |       |       |       |    79 |   103 ||   182
       Reflection        |       |       |       |       |     4 ||     4
